 Dungeon Crawl Stone Soup version 0.28.0 (console) character file.

Game seed: 11643369467359617936

5723 isthmus the Cleaver (level 10, -1/49 HPs)
             Began as a Vine Stalker Cinder Acolyte on Feb 10, 2022.
             Was an Elder of Ignis.
             Succumbed to a hornet's poison
             ... while paralysed by a hornet
             ... on level 10 of the Dungeon.
             The game lasted 00:36:36 (10459 turns).

isthmus the Cleaver (Vine Stalker Cinder Acolyte)  Turns: 10459, Time: 00:36:37

Health: -1/49      AC: 14    Str: 22    XL:     10   Next: 77%
Magic:  1/16       EV:  2    Int: 14    God:    Ignis [****..]
Gold:   223        SH:  0    Dex:  9    Spells: 16/19 levels left

rFire   + . .      SeeInvis +   b - +0 war axe
rCold   . . .      Faith    .   o - +1 kite shield
rNeg    . . .      Spirit   +   H - +0 plate armour
rPois   .          Reflect  .   A - +0 helmet
rElec   .          Harm     .   (no cloak)
rCorr   .          Rampage  .   (no gloves)
Will    +....                   C - +0 pair of boots
Stlth   ..........              s - amulet of regeneration
HPRegen 1.76/turn               m - +4 ring of evasion
MPRegen 0.15/turn               F - ring of see invisible

@: paralysed, lethally poisoned (-1 -> -5)
A: fangs 3, regeneration 1, magic shield, antimagic bite, no potion heal 2, low
MP 1
a: Renounce Religion, Fiery Armour, Foxfire Swarm, Rising Flame


You were on level 10 of the Dungeon.
You worshipped Ignis.
Ignis was greatly pleased with you.
You visited 2 branches of the dungeon, and saw 11 of its levels.

You collected 532 gold pieces.
You spent 309 gold pieces at shops.

Inventory:

Hand Weapons
 a - a +0 hand axe of flaming
 b - a +0 war axe (weapon)
 h - the +3 mace "Iroup" {drain, rCorr SInv Stlth+}
   (You found it on level 1 of the Lair of Beasts)

   A truly terrible weapon, it drains the life of any living foe it strikes.
   SInv:      It lets you see invisible.
   rCorr:     It protects you from acid and corrosion.
   Stlth:     It makes you more stealthy.
 I - a +2 vorpal hand axe
Missiles
 c - 169 stones
 t - 5 curare-tipped darts (quivered)
 v - 31 poisoned darts
Armour
 o - a +1 kite shield (worn)
 A - a +0 helmet (worn)
 C - a +0 pair of boots (worn)
 G - a +0 leather armour of poison resistance
 H - a +0 plate armour (worn)
Jewellery
 m - a +4 ring of evasion (left hand)
 s - an amulet of regeneration (around neck)
 x - an amulet of magic regeneration
 F - a ring of see invisible (right hand)
Wands
 g - a wand of mindburst (10)
 w - a wand of polymorph (6)
 y - a wand of iceblast (17)
 D - a wand of flame (20)
Scrolls
 d - a scroll of amnesia
 i - a scroll of silence
 k - 2 scrolls of blinking
 p - a scroll of enchant weapon
 B - 4 scrolls of fog
Potions
 f - 3 potions of flight
 j - 2 potions of lignification
 l - 2 potions of attraction
 z - a potion of brilliance


   Skills:
 * Level 3.3 Fighting
 * Level 10.1 Axes
 - Level 2.0 Throwing
 + Level 5.4 Armour
 + Level 6.6 Shields
 * Level 5.1 Spellcasting
 - Level 3.0 Fire Magic
 + Level 1.1 Invocations


You had 16 spell levels left.
You knew the following spells:

 Your Spells              Type           Power      Damage    Failure   Level
a - Scorch                Fire           22%        2d6       98%         2
d - Animate Skeleton      Necr           6%         N/A       100%        1

Your spell library contained the following spells:

 Spells                   Type           Power      Damage    Failure   Level
 Magic Dart               Conj           12%        1d3       100%        1
 Pain                     Necr           12%        1d4       100%        1
 Searing Ray              Conj           6%         2d4       100%        2
 Vampiric Draining        Necr           3%         2d6       100%        3
 Fulminant Prism          Conj/Hex       1%         3d6       100%        4
 Summon Forest            Summ/Tloc      1%         N/A       100%        5
 Eringya's Noxious Bog    Tmut/Pois      1%         N/A       100%        6
 Summon Hydra             Summ           1%         N/A       100%        7


Dungeon Overview and Level Annotations

Branches:
Dungeon (10/15)            Temple (0/1) D:7            Lair (1/6) D:9
    Orc: D:9-12

Altars:
Ashenzari
Dithmenos
Hepliaklqana
Kikubaaqudgha
Qazlal
Sif Muna
Vehumet
Wu Jian

Shops:
D:3 *   D:5 =?   D:6 =*

Annotations:
D:3 3 runed translucent doors, Sanktem7's ghost, amateur MiFi
D:6 exclusion: centaur


Innate Abilities, Weirdness & Mutations

You have razor-sharp teeth.
Your natural rate of healing is unusually fast.
When hurt, damage is shared between your health and your magic reserves.
Your bite disrupts and absorbs the magic of your enemies.
Potions cannot restore your health.
Your magical capacity is low. (-10% MP)


Message History

The hornet stings you!
* * * LOW HITPOINT WARNING * * *
The hornet stings you but does no damage.
The hornet stings you.
* * * LOW HITPOINT WARNING * * *
You block the hornet's attack.
The hornet stings you but does no damage.
The hornet stings you but does no damage.
The hornet stings you but does no damage.
You block the hornet's attack. The hornet stings you!
* * * LOW HITPOINT WARNING * * *
You are poisoned.
Unknown command.
You cannot move.
You cannot move.
You feel sick. The hornet stings you!
* * * LOW HITPOINT WARNING * * *
The hornet stings you.
* * * LOW HITPOINT WARNING * * *
Unknown command.
Unknown command.
Really quaff the potion of mutation?
You feel extremely strange.
You feel less energetic.
You feel less wooden.
Your +0 helmet unmelds from your body.
Your +0 pair of boots unmelds from your body.
Your +0 plate armour unmelds from your body.
You feel sick.
The hornet stings you but does no damage.
You feel sick. The hornet stings you.
* * * LOW HITPOINT WARNING * * *
You feel yourself slow down.
You feel sick. The hornet stings you.
* * * LOW HITPOINT WARNING * * *
You are more poisoned.
You suddenly lose the ability to move!
You feel yourself speed up.
You die...

... #.# #.# #.# #.#
#.# ... ####.######
#.. #.........# #.#
#.##.####.# #.# #T#
#.###.#####
.##.##y####<........#
........@........###.#
..##.##.####..##.# .#
#.#...###..##.###.#
.................#
###...####.##.#.###
##.## #.##.....# #.#
#.####.#.# #.
#.####.#.# #......#.#
########.# #.#


You could see a troll and a hornet.

Vanquished Creatures
  A black mamba (Lair:1)
  An unseen horror (D:8)
  2 cane toads
  Psyche (D:9)
  A komodo dragon (Lair:1)
  A hornet (D:9)
  A blink frog (D:9)
  2 wyverns
  A basilisk (Lair:1)
  3 water moccasins
  2 orc warriors
  2 sky beasts (D:6)
  2 ogres (D:6)
  3 centaurs
  2 kobold brigands
  5 bullfrogs
  3 scorpions
  3 killer bees (D:6)
  8 wights
  4 howler monkeys (D:9)
  4 centaur zombies
  4 jellies
  2 orc priests
  5 hounds
  A centaur skeleton (D:6)
  4 iguanas
  5 orc wizards
  A hound skeleton (D:4)
  6 gnolls (D:3)
  A howler monkey skeleton (D:4)
  5 adders
  A white imp (D:6)
  An ufetubus (D:5)
  2 adder skeletons (D:4)
  2 worms (D:2)
  3 dart slugs
  8 orcs
  5 ball pythons
  8 endoplasms
  2 giant cockroaches (D:1)
  5 goblins
  6 hobgoblins
  4 jackals
  7 quokkas
  12 bats
  3 frilled lizards
  12 kobolds
  3 rats
170 creatures vanquished.

Vanquished Creatures (others)
  3 fungi
  A plant (Lair:1)
  4 withered plants (D:6)
8 creatures vanquished.

Grand Total: 178 creatures vanquished

Notes
Turn   | Place    | Note
-------+----------+-------------------------------------------
     0 | D:1      | isthmus the Vine Stalker Cinder Acolyte began the quest for
                  | the Orb.
     0 | D:1      | Reached XP level 1. HP: 11/11 MP: 3/3
   257 | D:1      | Reached skill level 3 in Axes
   536 | D:1      | Reached XP level 2. HP: 16/16 MP: 4/4
   832 | D:1      | Learned a level 2 spell: Scorch
  1136 | D:1      | Reached XP level 3. HP: 18/19 MP: 5/5
  1544 | D:2      | Reached skill level 4 in Axes
  1915 | D:2      | Gained mutation: Your natural rate of healing is unusually
                  | fast. [Vine Stalker growth]
  1915 | D:2      | Reached XP level 4. HP: 22/23 MP: 6/6
  2548 | D:3      | Found Qimyav's General Store.
  2554 | D:3      | Bought a +0 kite shield for 45 gold pieces
  2554 | D:3      | Bought a wand of flame (6) for 40 gold pieces
  2894 | D:3      | Found a runed translucent gate.
  2894 | D:3      | Found a runed translucent gate.
  2894 | D:3      | Found a runed translucent gate.
  2895 | D:3      | Noticed Sanktem7's ghost (amateur MiFi)
  2967 | D:3      | Found a faded altar of an unknown god.
  3126 | D:3      | Reached skill level 1 in Shields
  3126 | D:3      | Reached XP level 5. HP: 26/27 MP: 4/7
  3220 | D:3      | Reached skill level 5 in Axes
  3455 | D:4      | Reached XP level 6. HP: 12/32 MP: 3/8
  4025 | D:4      | Found a hazy altar of Hepliaklqana.
  4086 | D:5      | Entered Level 5 of the Dungeon
  4115 | D:5      | Reached skill level 1 in Armour
  4174 | D:5      | Reached XP level 7. HP: 24/29 MP: 9/9
  4194 | D:5      | Found Fyin's Jewellery Boutique.
  4197 | D:5      | Found Mito's Magic Scroll Shoppe.
  4205 | D:5      | Bought a scroll of identify for 28 gold pieces
  4205 | D:5      | Bought a scroll of teleportation for 42 gold pieces
  4288 | D:5      | Reached skill level 6 in Axes
  4876 | D:6      | Found an ancient bone altar of Kikubaaqudgha.
  5025 | D:6      | Gained mutation: You have razor-sharp teeth. [Vine Stalker
                  | growth]
  5025 | D:6      | Reached XP level 8. HP: 39/39 MP: 8/10
  5032 | D:6      | Found Ycwedghext's Assorted Antiques.
  5333 | D:6      | Reached skill level 7 in Axes
  5465 | D:6      | Found Quffin's Jewellery Shoppe.
  5751 | D:7      | Found a stormy altar of Qazlal.
  5752 | D:7      | Found an ornate altar of the Wu Jian Council.
  5752 | D:7      | Found a shadowy altar of Dithmenos.
  5760 | D:7      | Reached skill level 1 in Throwing
  5839 | D:7      | Found a shimmering blue altar of Sif Muna.
  5901 | D:7      | Found a broken altar of Ashenzari.
  6053 | D:7      | Reached XP level 9. HP: 40/41 MP: 9/11
  6179 | D:7      | Found a staircase to the Ecumenical Temple.
  6430 | D:8      | Killed an unseen horror
  6431 | D:8      | Reached skill level 8 in Axes
  6431 | D:8      | Reached skill level 5 in Shields
  7171 | D:6      | Bought a brown potion for 24 gold pieces
  7239 | D:3      | Bought 2 scrolls of fog for 40 gold pieces
  7239 | D:3      | Bought a scroll of teleportation for 30 gold pieces
  7239 | D:3      | Bought a wand of flame (10) for 60 gold pieces
  8141 | D:9      | Reached skill level 9 in Axes
  8398 | D:9      | Reached XP level 10. HP: 47/47 MP: 16/16
  8630 | D:9      | Found a staircase to the Lair.
  8668 | Lair:1   | Entered Level 1 of the Lair of Beasts
  8781 | D:9      | Found a radiant altar of Vehumet.
  9027 | D:9      | Noticed Psyche
  9037 | D:9      | Killed Psyche
  9400 | Lair:1   | Noticed a cane toad
  9416 | D:9      | Killed a cane toad
  9417 | D:9      | Reached skill level 5 in Armour
  9430 | D:9      | Learned a level 1 spell: Animate Skeleton
  9473 | Lair:1   | Identified the +3 mace "Iroup" {drain, rCorr SInv Stlth+}
  9781 | Lair:1   | Noticed a black mamba
  9798 | Lair:1   | Noticed a five-headed hydra
  9972 | Lair:1   | Killed a black mamba
  9973 | Lair:1   | Reached skill level 10 in Axes
 10087 | Lair:1   | Noticed a cane toad
 10110 | Lair:1   | Killed a cane toad
 10111 | Lair:1   | Reached skill level 5 in Spellcasting
 10111 | Lair:1   | Reached skill level 1 in Invocations
 10360 | D:10     | Entered Level 10 of the Dungeon
 10387 | D:10     | Paralysed by a hornet for 3 turns
 10415 | D:10     | Paralysed by a hornet for 3 turns
 10430 | D:10     | HP: 3/73 [poisoned by a hornet]
 10456 | D:10     | Gained mutation: Your magical capacity is low. (-10% MP)
                  | [potion of mutation]
 10457 | D:10     | HP: 2/49 [hornet (3)]
 10458 | D:10     | Paralysed by a hornet for 3 turns
 10459 | D:10     | Succumbed to a hornet's poison

Illustrated notes

Levels and vault maps discovered:
D:1:      dpeg_arrival_arbitrary_a, layout_basic, serial_corexii_hall,
          chequers_hall_statues_corner_a, corexii_hall_statues_t,
          supply_closet_lemuel, chequers_hall_statues_corner_a
D:2:      layout_basic
D:3:      layout_basic, shapermc_ecumenical_altar_mp_vishouse, serial_shops,
          shop, ebering_ghost_rock_garden, serial_rivers,
          chequers_serial_rivers_small_b, chequers_serial_rivers_small_b,
          chequers_serial_rivers_marsh, chequers_serial_rivers_marsh
D:4:      layout_rooms, worldfamousw_hep_ancestral_shrine
D:5:      layout_loops_ring, nicolae_wooded_promenade
D:6:      layout_basic, kiku_gazebo_garden_becter, serial_shops, shop,
          nicolae_take_the_stairs, kb_lookout_dungeons_type, st_stairs_5
D:7:      layout_cave_pools, mainiacjoe_overflow_cross_hatched,
          mainiacjoe_overflow_brackets,
          chequers_temple_overflow_statue_of_worship,
          minmay_temple_entry_butterflies
D:8:      layout_rooms, kennysheep_generic_room_5
D:9:      layout_basic, mainiacjoe_overflow_boulevard, lair_entry_dummy,
          hangedman_decor_diamond_cutter, uniq_psyche
D:10:     kennysheep_ambush_hall, layout_loops_corners,
          nemelex_xobeh_ov_fountains_minmay, serial_undead, serial_undead_f,
          serial_undead_d, serial_undead_e, serial_undead_c, serial_undead_e,
          serial_undead_f, serial_undead_f, serial_undead_e, serial_undead_d,
          serial_undead_e, hangedman_misty_isle
Lair:1:   layout_gridlike, lemuel_fruit_fields, infiniplex_staircase_pool_2,
          uniq_urug

Skill      XL: |  1  2  3  4  5  6  7  8  9 10 |
---------------+-------------------------------+-----
Axes           | 3 4 5 6 7 9 10 | 10.1
Shields        | 1 2 3 4 5 6 |  6.6
Armour         | 1 2 3 4 5 |  5.4
Throwing       | 1 2 |  2.0
Spellcasting   | 3 5 |  5.1
Fighting       | 3 |  3.3
Invocations    | 1 |  1.1
Fire Magic     | |  3.0

Action                   |  1- 3 |  4- 6 |  7- 9 | 10-12 || total
-------------------------+-------+-------+-------+-------++-------
Melee: Hand axe          |   101 |   155 |   326 |   150 ||   732
       Bite              |    20 |    29 |    85 |    35 ||   169
       Punch             |     2 |       |       |       ||     2
       War axe           |       |       |       |    13 ||    13
Throw: Stone             |     7 |     3 |     1 |       ||    11
       Dart              |       |       |     8 |       ||     8
Invok: Fiery Armour      |     1 |     1 |     3 |       ||     5
Evoke: Wand              |       |     4 |     2 |     6 ||    12
  Use: Scroll            |     4 |     6 |    12 |     4 ||    26
       Potion            |       |     1 |     1 |     5 ||     7
Armor: Robe              |    31 |     8 |       |       ||    39
       Leather armour    |       |     7 |       |       ||     7
       Chain mail        |       |    21 |   160 |       ||   181
       Plate armour      |       |       |    13 |    86 ||    99
       Skin              |       |       |       |    21 ||    21
Dodge: Dodged            |    71 |    91 |   125 |    80 ||   367
Block: Kite shield       |       |    36 |   146 |   114 ||   296
